 Dungeon Crawl Stone Soup version 0.31-a0-986-g5e6e4ef867 (webtiles) character file.

Game seed: 12623793782791697376

10163 bmack86 the Severer (level 11, -10/85 HPs)
             Began as a Minotaur Fighter on Nov 7, 2023.
             Was a High Priest of Okawaru.
             Killed from afar by an oklob plant (23 damage)
             ... with a splash of acid
             ... on level 11 of the Dungeon.
             The game lasted 00:24:17 (9063 turns).

bmack86 the Severer (Minotaur Fighter)              Turns: 9063, Time: 00:24:18

Health: -10/85     AC: 11    Str: 25    XL:     11   Next: 32%
Magic:  16/16      EV:  8    Int:  5    God:    Okawaru [*****.]
Gold:   708        SH: 25    Dex: 10    Spells: 10/10 levels left

rFire   + + .        l - +2 hand axe (heavy)
rCold   . . .        g - +9 kite shield "Laaskoluci" {rF+}
rNeg    . . .        y - +0 plate armour
rPois   .            (helmet restricted)
rElec   .            s - +1 cloak
rCorr   .            (no gloves)
SInv    .            o - +2 pair of boots
Will    .....        f - amulet of reflection Stlth
                     q - ring of protection from fire
HPRegen 0.34/turn    (no ring)
MPRegen 0.15/turn

%: reflection
@: heroic, corroded
A: horns 2, retaliatory headbutt
a: Renounce Religion, Heroism, Finesse, Duel


You were on level 11 of the Dungeon.
You worshipped Okawaru.
Okawaru was extremely pleased with you.
You visited 2 branches of the dungeon, and saw 12 of its levels.

You collected 708 gold pieces.

Inventory:

Hand Weapons
 a - a +1 war axe
 l - a +2 heavy hand axe (weapon)
 v - the +9 trident of Haghuic {spect, Int+3}
   (You found it on level 6 of the Dungeon)

   Int+3:     It affects your intelligence (+3).
Missiles
 r - 5 boomerangs
 t - 3 curare-tipped darts
Armour
 g - the +9 kite shield "Laaskoluci" (worn) {rF+}
   (You acquired it on level 3 of the Dungeon)

   rF+:       It protects you from fire.
 o - a +2 pair of boots (worn)
 s - a +1 cloak (worn)
 y - a +0 plate armour (worn)
Jewellery
 f - an amulet of reflection (around neck)
 n - an amulet of magic regeneration
 q - a ring of protection from fire (left hand)
 E - an amulet of guardian spirit
Wands
 i - a wand of digging (6)
 B - a wand of flame (17) (quivered)
 C - a wand of iceblast (12)
 D - a wand of paralysis (3)
Scrolls
 c - 2 scrolls of revelation
 h - 2 scrolls of vulnerability
 j - a scroll of blinking
 k - 4 scrolls of enchant weapon
 p - 2 scrolls of teleportation
 u - 2 scrolls of fog
 x - a scroll of torment {unknown}
Potions
 b - 2 potions of haste
 d - 6 potions of might
 e - a potion of mutation
 m - 5 potions of attraction
 w - a potion of ambrosia
 z - 4 potions of curing
 A - 3 potions of brilliance {unknown}
 F - a potion of heal wounds {unknown}
 G - a potion of cancellation {unknown}


   Skills:
 * Level 4.9(9.9) Fighting
 - Level 18.0(23.0) Axes
 - Level 3.6(8.6) Armour
 + Level 5.5(10.5) Shields
 - Level 8.0 Invocations


You had 10 spell levels left.
You didn't know any spells.
Your spell library contained the following spells:

 Spells                   Type           Power      Damage    Failure   Level
 Magic Dart               Conj           0%         1d3       100%        1
 Lesser Beckoning         Tloc           0%         N/A       100%        2
 Scorch                   Fire           0%         2d5       100%        2
 Searing Ray              Conj           0%         2d4       100%        2
 Wereblood                Tmut           0%         N/A       100%        2
 Gell's Gravitas          Tloc           0%         N/A       100%        3
 Teleport Other           Tloc           0%         N/A       100%        3
 Flame Wave               Conj/Fire      0%         2d4       100%        4
 Fulminant Prism          Conj/Hex       0%         3d5       100%        4
 Irradiate                Conj/Tmut      0%         3d11      100%        5
 Summon Cactus Giant      Summ           Unusable   N/A       N/A         6

Dungeon Overview and Level Annotations

Branches:
Dungeon (11/15)            Temple (1/1) D:4            Lair (0/5) D:9
    Orc: D:9-12

Altars:
Ashenzari
Cheibriados
Dithmenos
Elyvilon
Fedhas
Gozag
Hepliaklqana
Kikubaaqudgha
Makhleb
Nemelex Xobeh
Okawaru
Qazlal
Ru
Sif Muna
Trog
Uskayaw
Vehumet
Wu Jian
Xom
Yredelemnul
Zin
The Shining One

Shops:
D:1 !   D:7 :   D:10 :

Annotations:
D:11 exclusion: oklob plant


Innate Abilities, Weirdness & Mutations

You have a pair of horns on your head.
You reflexively headbutt those who attack you in melee.


Message History

You completely miss the endoplasm. You slash the endoplasm!
You kill the endoplasm!
The endoplasm freezes you.
You are frozen.
Unknown command.
You slash the endoplasm!
You kill the endoplasm!
You hit the endoplasm. You hit the endoplasm but do no damage.
The endoplasm closely misses you. The endoplasm freezes you.
You are frozen.
Unknown command.
You slash the endoplasm!
You kill the endoplasm!
You slash the endoplasm!
You kill the endoplasm!
Okawaru accepts your kill.
You hit the endoplasm but do no damage. The endoplasm freezes you.
You are frozen.
You hit the endoplasm but do no damage.
You headbutt the endoplasm, but do no damage.
You slash the endoplasm!
You kill the endoplasm!
You block the endoplasm's attack.
You barely miss the endoplasm. You headbutt the endoplasm.
You kill the endoplasm!
Okawaru accepts your kill. The oklob plant spits acid at you.
The splash of acid hits you!! The oklob plant spits acid at you.
The splash of acid hits you!!
* * * LOW HITPOINT WARNING * * *
You completely miss the oklob plant.
You hit the oklob plant but do no damage.
You headbutt the oklob plant.
The oklob plant is lightly damaged.
The oklob plant spits acid at you. The splash of acid hits you!!
You die...

.........######...#
#.#
.####....#......#.#
#.# .#
#.####.######># #.#
.# #.# #.# #.###.#
.# #.# #.# #.....#
.# #.####.#
########.# .#
#......###...####.#
.#
########.......##.#
.# #...P@..'..# .#
#.......#### .#
###...### .# #####
##


You could see an oklob plant.

Vanquished Creatures
  2 two-headed ogres
  A manticore (D:11)
  A cyclops (D:11)
  Maggie (D:9)
  Jeremiah (D:6)
  2 trolls
  2 hornets
  13 yaks
  2 wyverns
  2 steam dragons
  An acid dragon (D:11)
  3 water moccasins
  A sky beast (D:6)
  3 orc warriors
  An ogre (D:6)
  7 centaurs
  3 kobold brigands
  2 bullfrogs
  5 scorpions
  A gnoll sergeant (D:7)
  9 wights (D:8)
  11 killer bees
  4 howler monkeys
  5 hounds
  4 jellies
  6 orc priests
  2 gnoll boudas
  A sleepcap (D:6)
  8 iguanas
  Natasha (D:3)
  8 orc wizards
  Robin (D:3)
  14 gnolls
  5 adders
  A river rat (D:3)
  A shadow imp (D:6)
  4 ufetubi
  2 worms (D:3)
  4 dart slugs
  28 orcs
  6 ball pythons
  24 endoplasms
  7 giant cockroaches
  10 hobgoblins
  4 jackals
  16 kobolds
  3 quokkas
  4 bats
  A frilled lizard (D:1)
  15 goblins
  7 rats
270 creatures vanquished.

Vanquished Creatures (others)
  An orc wizard (D:9)
1 creature vanquished.

Grand Total: 271 creatures vanquished

Notes
Turn   | Place    | Note
-------+----------+-------------------------------------------
     0 | D:1      | bmack86 the Minotaur Fighter began the quest for the Orb.
     0 | D:1      | Reached XP level 1. HP: 19/19 MP: 0/0
   189 | D:1      | Reached XP level 2. HP: 26/26 MP: 1/1
   331 | D:1      | Found Muriatt's Distillery.
   609 | D:2      | Reached skill level 3 in Axes
   665 | D:2      | Reached XP level 3. HP: 27/31 MP: 2/2
   971 | D:2      | Reached skill level 5 in Shields
  1279 | D:3      | Identified a scroll of acquirement
  1279 | D:3      | Acquired the +9 kite shield "Laaskoluci" {rF+}
  1336 | D:3      | Reached skill level 4 in Axes
  1427 | D:3      | Reached XP level 4. HP: 39/39 MP: 3/3
  1539 | D:3      | Noticed Robin
  1553 | D:3      | Killed Robin
  1850 | D:3      | Noticed Natasha
  1855 | D:3      | Killed Natasha
  1856 | D:3      | Reached skill level 5 in Axes
  1872 | D:3      | Found a glowing drain.
  1903 | D:3      | Reached XP level 5. HP: 45/45 MP: 4/4
  2232 | D:4      | Found a staircase to the Ecumenical Temple.
  2240 | Temple   | Entered the Ecumenical Temple
  2249 | Temple   | Became a worshipper of Warmaster Okawaru
  2262 | D:4      | Noticed a steam dragon
  2274 | D:4      | Killed a steam dragon
  2274 | D:4      | Reached * piety under Okawaru
  2275 | D:4      | Reached skill level 6 in Axes
  2275 | D:4      | Reached skill level 1 in Invocations
  2275 | D:4      | Reached XP level 6. HP: 39/51 MP: 4/6
  2548 | D:4      | Reached skill level 7 in Axes
  3303 | D:5      | Entered Level 5 of the Dungeon
  3326 | D:5      | Reached XP level 7. HP: 57/57 MP: 8/8
  3379 | D:5      | Reached skill level 8 in Axes
  3394 | D:5      | Found an ancient bone altar of Kikubaaqudgha.
  3408 | D:5      | Reached ** piety under Okawaru
  3431 | D:5      | Found a radiant altar of Vehumet.
  3893 | D:5      | Reached skill level 9 in Axes
  4078 | D:5      | Identified the +1 robe of Lugonu's Delight {Dex+3 Archmagi}
  4185 | D:6      | Reached XP level 8. HP: 59/64 MP: 10/10
  4261 | D:6      | Reached *** piety under Okawaru
  4268 | D:6      | Identified the +9 trident of Haghuic {spect, Int+3}
  4277 | D:6      | Reached skill level 10 in Axes
  4312 | D:6      | Noticed Jeremiah
  4337 | D:6      | Killed Jeremiah
  4338 | D:6      | Reached skill level 5 in Invocations
  4413 | D:6      | Reached skill level 11 in Axes
  4507 | D:6      | Identified the +2 buckler of Jettunn {Will+ SInv}
  4662 | D:6      | Reached XP level 9. HP: 68/70 MP: 12/12
  4770 | D:7      | Reached **** piety under Okawaru
  4785 | D:7      | Reached skill level 12 in Axes
  4853 | D:7      | Found Dapuclam's Book Shop.
  5118 | D:7      | Identified the +1 falchion "Gogepocw" {freeze, *Corrode Fly
                  | rPois rN+}
  5262 | D:7      | Reached skill level 13 in Axes
  5868 | D:8      | Reached ***** piety under Okawaru
  5874 | D:8      | Reached skill level 14 in Axes
  5874 | D:8      | Reached XP level 10. HP: 66/77 MP: 14/14
  5894 | D:8      | Noticed a two-headed ogre
  5921 | D:8      | Killed a two-headed ogre
  5921 | D:8      | Received a gift from Okawaru
  5939 | D:8      | Reached skill level 15 in Axes
  6133 | D:8      | Identified the +4 morningstar "Tejax" {vamp, Will+++}
  6888 | D:9      | Reached skill level 16 in Axes
  7015 | D:9      | Paralysed by a hornet for 1 turns
  7107 | D:9      | Found a glowing silver altar of Zin.
  7126 | D:9      | Paralysed by a kobold brigand for 3 turns
  7134 | D:9      | Paralysed by a kobold brigand for 3 turns
  7331 | D:9      | Found a staircase to the Lair.
  7552 | D:9      | Noticed Maggie
  7565 | D:9      | Killed Maggie
  7565 | D:9      | Received a gift from Okawaru
  7566 | D:9      | Reached skill level 17 in Axes
  7620 | D:10     | Entered Level 10 of the Dungeon
  7677 | D:10     | Reached XP level 11. HP: 57/82 MP: 16/16
  7916 | D:10     | Paralysed by a hornet for 2 turns
  7950 | D:10     | Found Hoipon's Tiny Tomes.
  8012 | D:10     | Noticed a two-headed ogre
  8020 | D:10     | Killed a two-headed ogre
  8595 | D:11     | Reached skill level 18 in Axes
  8740 | D:11     | Received a gift from Okawaru
  9043 | D:11     | Noticed an oklob plant
  9063 | D:11     | Killed from afar by an oklob plant

Illustrated notes

Levels and vault maps discovered:
D:1:      wander_arrival_lonely_grave, layout_loops_ring, serial_shops, shop,
          minmay_close_crescents
D:2:      layout_loops_cross
D:3:      layout_rooms, portal_sewer_entry_e, fountainhead, uniq_robin,
          uniq_natasha
D:4:      layout_layer_cave, minmay_temple_entry_tees, minmay_diced_spiral
D:5:      layout_basic, mainiacjoe_overflow_catch_the_wave
D:6:      layout_rooms, solitary_fountain, uniq_jeremiah
D:7:      layout_basic, serial_shops, nicolae_shop_advertising_works
          [nicolae_subvault_shop_adworks]
D:8:      minmay_general_purpose_star, layout_loops_cross, lemuel_flamethrower_2
D:9:      layout_roguey, kennysheep_mini_moat, lair_entry_dummy, uniq_maggie
D:10:     layout_irregular_city, nicolae_shop_i_like_small_books_too
D:11:     lemuel_slime, layout_basic
Temple:   compressed_dpeg_triangle_lava_temple

Skill      XL: |  1  2  3  4  5  6  7  8  9 10 11 |
---------------+----------------------------------+-----
Shields        | 4 5 |  5.5
Axes           | 3 4 5 6 7 9 11 14 17 18 | 18.0
Invocations    | 1 2 4 6 7 8 |  8.0
Fighting       | 4 |  4.9
Armour         | |  3.6

Action                     |  1- 3 |  4- 6 |  7- 9 | 10-12 || total
---------------------------+-------+-------+-------+-------++-------
  Melee: War axe           |    70 |   131 |    22 |       ||   223
         Headbutt          |     7 |    16 |    36 |    34 ||    93
         Hand axe          |       |       |   190 |   221 ||   411
         Trident           |       |       |     3 |       ||     3
 Invoke: Heroism           |       |       |     2 |     2 ||     4
  Evoke: Wand              |       |       |       |     9 ||     9
    Use: Scroll            |     5 |     3 |     9 |     2 ||    19
         Potion            |       |       |     1 |       ||     1
 Armour: Scale mail        |    38 |    36 |    33 |       ||   107
         Chain mail        |       |       |    50 |       ||    50
         Plate armour      |       |       |    15 |   123 ||   138
  Dodge: Dodged            |    36 |    21 |    38 |    25 ||   120
  Block: Buckler           |    23 |       |       |       ||    23
         Reflection        |     6 |     4 |     8 |    18 ||    36
         Kite shield       |    19 |   144 |   282 |   251 ||   696

Table legend: (Time is in decaauts)
 A = Elapsed time spent in this place.
 B = Non-inter-level travel time spent in this place.
 C = Inter-level travel time spent in this place.
 D = Time resting spent in this place.
 E = Time spent auto-exploring this place.
 F = Levels seen in this place.
 G = Mean time per level.
                   A        B        C        D        E       F      G
               +--------+--------+--------+--------+--------+-----+--------+
         Total |   9169 |   8819 |    350 |      0 |   6295 |  12 |  764.1 |
       Dungeon |   9152 |   8808 |    344 |      0 |   6295 |  11 |  832.0 |
        Temple |     16 |     10 |      6 |      0 |      0 |   1 |   16.0 |
               +--------+--------+--------+--------+--------+-----+--------+

Top non-repeatable levels by time:
     D:4: 1228 daAuts
     D:7: 1133 daAuts
     D:8: 1053 daAuts
     D:5: 939 daAuts
     D:3: 837 daAuts
     D:9: 755 daAuts
    D:10: 730 daAuts
    D:11: 711 daAuts
     D:2: 683 daAuts
     D:1: 615 daAuts
     D:6: 464 daAuts
  Temple: 16 daAuts
